[Event "37th ECCC 2022"]
[Site "Mayrhofen"]
[Date "2022.10.03"]
[Round "1.23"]
[White "Markus, Robert"]
[Black "Noetzel, Felix"]
[Result "1-0"]
[ECO "D30"]
[WhiteElo "2615"]
[BlackElo "2093"]
[Annotator "TA"]
[PlyCount "75"]
[EventDate "2022.10.03"]
[EventType "team-tourn"]
[EventCountry "AUT"]
[SourceTitle "playchess.com"]
[Source "ChessBase"]
[SourceQuality "1"]
[TimeControl "40/5400+30:1800+30"]

1. d4 d5 2. c4 e6 3. Nf3 c6 4. e3 Nf6 5. b3 Nbd7 6. Bb2 Ne4 7. Nbd2 f5 8. g3 Bd6 9. Bg2 O-O 10. O-O Qf6 {[%emt 0:03:25] E01: Catalan: Early deviations.} 11. Ne1 Qh6 12. Nd3 Ndf6 {[%emt 0:04:58] [#] The position is equal.} 13. Re1 $146 ({Predecessor:} 13. h4 Ng4 14. Qe2 g5 15. Nf3 gxh4 16. Nxh4 Bxg3 17. fxg3 Nxg3 18. Qe1 Qxh4 19. Rf3 Qh2# {0-1 (19) Vyatkin,D (2362)-Remizov,Y (2403) Chess.com INT 2020}) 13... Bd7 (13... b5 $11 {remains equal.}) 14. Nf1 Be8 15. f3 Bh5 16. Nf4 Ng5 $1 17. Rc1 (17. h4 $16 Nf7 18. Nxe6) 17... Rae8 18. Rc2 Nf7 19. Qc1 e5 20. dxe5 (20. Nxh5 {looks sharper.} Qxh5 21. dxe5 Nxe5 22. Bxe5 Rxe5 23. f4) 20... Nxe5 21. Nxh5 Qxh5 22. Bxe5 Bxe5 23. f4 Bb8 {[%emt 0:01:26] Black is on the road to losing.} 24. cxd5 cxd5 25. Rd1 Rd8 {[%emt 0:04:46] [#]} 26. Rcd2 $1 Rc8 27. Qa1 b5 28. Bxd5+ Kh8 29. Be6 Rce8 30. Bd7 Nxd7 (30... Re7 $142 31. Bxb5 Bc7) 31. Rxd7 $18 {[%emt 0:00:06][%csl Gd7][%cal Ra1g7] [#]} Rf7 32. Qc3 {[%emt 0:01:41] Prevents Bc7.} h6 33. Qc6 Rf6 34. Qxb5 {[%emt 0:00:43] Rd8 is the strong threat.} Rfe6 35. R1d5 Qf3 (35... a6 $142 36. Rxf5 Qg6) 36. Rd8 Rxd8 37. Rxd8+ Kh7 38. Qxf5+ {[%emt 0:00:18] Weighted Error Value: White=0.09 (flawless) /Black=0.51} 1-0

[Event "37th ECCC 2022"]
[Site "Mayrhofen"]
[Date "2022.10.03"]
[Round "1.24"]
[White "Boeddeker, Henry"]
[Black "Sebenik, Matej"]
[Result "0-1"]
[ECO "C01"]
[WhiteElo "2130"]
[BlackElo "2518"]
[Annotator "TA"]
[PlyCount "76"]
[EventDate "2022.10.03"]
[EventType "team-tourn"]
[EventCountry "AUT"]
[SourceTitle "playchess.com"]
[Source "ChessBase"]
[SourceQuality "1"]
[TimeControl "40/5400+30:1800+30"]

1. e4 e6 2. d4 d5 3. exd5 exd5 4. Nf3 Nf6 5. Bd3 c5 6. O-O c4 7. Re1+ Be7 8. Bf1 O-O {[%emt 0:00:08] C01: French: Exchange Variation.} 9. b3 cxb3 10. axb3 Ne4 {[%emt 0:00:21] The position is equal.} 11. Ba3 Bxa3 {[%emt 0:00:07] [#]} 12. Nxa3 $146 ({Predecessor:} 12. Rxa3 Bg4 13. Qd3 Nc6 14. c3 Qf6 15. Ra2 Bxf3 16. Qxf3 Qxf3 17. gxf3 Ng5 18. Kg2 {0-1 (35) Koci,L-Gdovin,J (2201) Tatranska Lomnica 1999}) 12... Nc6 13. c4 Bg4 14. h3 Bxf3 15. Qxf3 {[%emt 0:00:08] With the idea cxd5.} Nxd4 16. Qe3 Qf6 17. cxd5 (17. Rad1 $11 Nf5 18. Qf3) 17... Nc3 $15 18. Qe5 $2 {[%emt 0:11:38][%mdl 8192] This costs White the game.} ({Wrong is} 18. Qxc3 $2 {[#]} Ne2+ $1 19. Bxe2 Qxc3 $19) (18. Rac1 $15 Nxd5 19. Qe4) 18... Nxb3 {[%emt 0:00:52] Pair of Knights!} 19. Qxf6 gxf6 20. Re3 {[%emt 0:00:27] [#] Threatens to win with Rae1.} Nxa1 21. Rxc3 Rfc8 {[%emt 0:00:21] Prevents Rc7.} 22. Bc4 a6 23. d6 b5 24. d7 Rd8 ({Worse is} 24... bxc4 25. dxc8=N Rxc8 26. Nxc4 $11) (24... Rxc4 $2 25. Nxc4 Rd8 26. Na5 Rxd7 27. Rc1 $16) 25. Bd5 Ra7 26. Bc6 Kf8 {[%emt 0:05:33] White must now prevent ...Rc7.} 27. Re3 {[%emt 0:03:57] Re8+ is the strong threat.} Raxd7 28. Bxd7 Rxd7 $19 {[%emt 0:00:03][%mdl 4096] Endgame KRN-KRN} 29. Kf1 Rc7 30. Ke2 b4 31. Nb1 a5 32. Nd2 a4 {[%emt 0:00:25] Hoping for ...a3.} 33. Re4 Nc2 34. Kd1 a3 35. Nb3 Rc3 {[%emt 0:00:19] ( -> ...a2)} 36. Re2 Rxb3 37. Rxc2 Rc3 (37... Rd3+ $142 38. Ke2 Rd8) 38. Rd2 b3 {[%emt 0:00:13] Weighted Error Value: White=0.83/Black=0.22 (precise)} 0-1

[Event "37th ECCC 2022"]
[Site "Mayrhofen"]
[Date "2022.10.03"]
[Round "1.25"]
[White "Suarez Garcia, Carlos"]
[Black "Maghsoodloo, Parham"]
[Result "0-1"]
[ECO "A06"]
[WhiteElo "2430"]
[BlackElo "2721"]
[Annotator "TA"]
[PlyCount "78"]
[EventDate "2022.10.03"]
[EventType "team-tourn"]
[EventCountry "AUT"]
[SourceTitle "playchess.com"]
[Source "ChessBase"]
[SourceQuality "1"]
[TimeControl "40/5400+30:1800+30"]

1. Nf3 d5 2. b3 Bf5 3. Bb2 e6 4. g3 h6 5. Bg2 Nf6 6. O-O Be7 7. d3 O-O 8. Nbd2 a5 9. a3 Nbd7 10. c4 c6 11. Ra2 {[%emt 0:00:20] is now more promising than 11.Qc2.} Bh7 12. Qa1 {[%emt 0:00:40] A12: English Opening: 1...c6 with b3 by White.} Re8 13. Ne5 Bf8 {[%emt 0:01:21] is the legacy move (13...Nxe5).} 14. Nxd7 {[%emt 0:13:56] The position is equal.} Nxd7 15. Bc3 Nc5 16. d4 {[%emt 0:10:29] [#]} Na6 $146 ({Predecessor:} 16... Nd7) 17. Rc1 b5 18. cxb5 cxb5 19. Nf3 Rc8 20. Qb2 Qb6 21. Raa1 b4 22. axb4 Nxb4 23. Bd2 Nc2 24. Ra4 ({Much weaker is} 24. Bxa5 Qb5 25. Ra4 (25. Ra2 Qxe2 26. Rb1 g5 $17) 25... Qxe2 $17) (24. Rxa5 $11 {remains equal.} Nxd4 25. Nxd4 Rxc1+ 26. Qxc1 Qxd4 27. Bf3) 24... Bb4 $17 25. e3 Rc7 {[%emt 0:09:09] Black is more active.} 26. Bxb4 axb4 27. Bf1 Rec8 28. Ne5 Rc3 $1 29. Nd7 $2 {[%emt 0:01:27] [#]} (29. Ba6 $17 Ra8 30. Bf1 Rxa4 31. bxa4) 29... Qd8 $1 $19 30. Nc5 Qf6 $2 (30... Bg6 $19 {[%cal Oe6e5] Threatens to win with ...e5!} 31. Be2 Qf6) 31. Nd7 $1 $11 {[%emt 0:02:43] Inhibits e5.} Qe7 32. Nc5 {[%emt 0:00:56][%mdl 8192] [#]} (32. Nb6 $1 $11 Rf8 33. Ra2) 32... e5 $1 $19 33. Rd1 (33. Ba6 Re8 34. Nd3 (34. Bb5 $2 exd4 35. exd4 Nxd4 $19) 34... exd4 35. Rxc2 Bxd3 36. Bxd3 Rxd3 37. Rd2 dxe3 38. Rxd3) 33... exd4 {[%emt 0:02:56] Black is clearly winning.} 34. exd4 Qf6 ({Worse is} 34... Nxd4 35. Rxd4 Qxc5 36. Rdxb4 $19) 35. Qa2 Nxd4 36. Nd3 Nf3+ 37. Kh1 Bxd3 38. Rxd3 Rxd3 39. Ra8 Rdc3 {[%emt 0:00:09] Weighted Error Value: White=0.95/Black=0.39} 0-1

[Event "37th ECCC 2022"]
[Site "Mayrhofen"]
[Date "2022.10.03"]
[Round "1.26"]
[White "Van Foreest, Jorden"]
[Black "Wedberg, Tom"]
[Result "1-0"]
[ECO "D37"]
[WhiteElo "2694"]
[BlackElo "2395"]
[Annotator "TA"]
[PlyCount "43"]
[EventDate "2022.10.03"]
[EventType "team-tourn"]
[EventCountry "AUT"]
[SourceTitle "playchess.com"]
[Source "ChessBase"]
[SourceQuality "1"]
[TimeControl "40/5400+30:1800+30"]

1. d4 Nf6 2. c4 e6 3. Nf3 d5 4. Nc3 Be7 5. g3 O-O 6. Bg2 c6 7. O-O Nbd7 8. Ne5 {[%emt 0:01:08] Recently 8.Qd3 got a lot of attention.} Nxe5 {[%emt 0:03:54] E07: Closed Catalan: Main Line (5 Nf3 0-0 6 0-0 Nbd7).} 9. dxe5 Nd7 10. cxd5 cxd5 {[%emt 0:01:03] The position is equal.} (10... exd5 $5 11. f4 Bc5+ 12. Kh1 a5 $11) 11. e4 dxe4 12. Qh5 Qa5 13. Nxe4 Qxe5 (13... g6 {with more complications.} 14. Qh6 Qxe5 15. Rd1 Nb6) 14. Qe2 {[%emt 0:00:05] [#]} Nb6 $146 ({Predecessor:} 14... Nf6 15. Bf4 Qa5 16. Rfd1 e5 17. Bd2 Qb6 18. Be3 Qe6 19. Rac1 Bd7 20. Nxf6+ Bxf6 21. Bxb7 {1-0 (100) Van Foreest,J (2714)-Haria,R (2499) Germany 2022}) 15. Bf4 {[%emt 0:03:13][%cal Bc1f4,Bf4e5,Be5c3][%mdl 1056] White has compensation.} Qa5 16. Rfd1 Nd5 17. Be5 Bd7 (17... Re8 $11) 18. Nc3 $16 ({Of course not} 18. Qg4 $6 f6 19. Nxf6+ Bxf6 $11) 18... Nxc3 (18... Qa6 $16 {was worth a try.}) 19. Bxc3 $18 Qc7 {[%emt 0:00:14] [#]} 20. Qg4 $1 f6 {[%emt 0:00:43] [#]} 21. Rac1 $1 {[%emt 0:00:04][%cal Oc3f6] Strongly threatening Bxf6! White has more active pieces.} Bc6 $2 (21... Bc5 $2 22. Bb4 b6 23. Bxa8 Rxa8 24. Bxc5 bxc5 25. b4 $18) (21... Rf7 {is a better defense.}) 22. Bxc6 {[%emt 0:01:53] Weighted Error Value: White=0.03 (flawless) /Black=0.35} ({Less strong is} 22. Qxe6+ Rf7 23. Bf1 Qc8 $16) 1-0

[Event "37th ECCC 2022"]
[Site "Mayrhofen"]
[Date "2022.10.03"]
[Round "1.27"]
[White "Engqvist, Thomas"]
[Black "Amin, Bassem"]
[Result "0-1"]
[ECO "C47"]
[WhiteElo "2333"]
[BlackElo "2667"]
[Annotator "TA"]
[PlyCount "48"]
[EventDate "2022.10.03"]
[EventType "team-tourn"]
[EventCountry "AUT"]
[SourceTitle "playchess.com"]
[Source "ChessBase"]
[SourceQuality "1"]
[TimeControl "40/5400+30:1800+30"]

1. e4 e5 2. Nf3 Nc6 3. Nc3 Nf6 4. d4 exd4 5. Nxd4 Bc5 6. Be3 Bb6 7. Nxc6 {[%emt 0:07:23] 7.Qd2 is more fashionable.} bxc6 {[%emt 0:01:46] C47: Scotch Four Knights and Four Knights with 4 g3.} 8. Bxb6 axb6 9. Bd3 O-O {[%emt 0:00:44] The position is equal.} 10. O-O Re8 11. Qf3 d6 {[%emt 0:03:59] [#]} 12. Rfe1 $146 ({Predecessor:} 12. h3 Nd7 13. Qg3 Qf6 14. a3 Ba6 15. Bxa6 Rxa6 16. Rfe1 Raa8 17. Rad1 b5 18. Qf3 Qxf3 19. gxf3 {0-1 (36) Shapovalov,D (1476)-Ralls,R (2465) LSS email 2011}) 12... Bd7 13. h3 Ra5 14. Re3 h6 15. Rae1 Rae5 16. a3 b5 (16... Nh5 {seems wilder.} 17. Bc4 Rf8 18. Bb3 Qg5) 17. Bf1 Qb8 18. Qd1 b4 19. f4 R5e7 {[%emt 0:03:13] Black is more active.} (19... R5e6 $5 20. axb4 Qxb4 $15) 20. axb4 Qxb4 {[%emt 0:00:08] White must now prevent ...d5.} 21. Qf3 $1 d5 $36 {[%emt 0:03:35][%mdl 2048] aiming for ...d4. Black has some pressure.} ({Don't do} 21... Qxb2 22. Rb1 Qa3 {[#]} 23. Nd5 $1 $16) 22. exd5 (22. e5 $11 {and White stays safe.} d4 23. Ne4 Nxe4 24. Rxe4) 22... Qd4 $19 {[%emt 0:00:33][%cal Re7e3] Black is clearly winning.} 23. Kf2 {[%emt 0:00:27] [#]} Bg4 $1 24. Qg3 (24. d6 Rxe3) 24... Qd2+ {[%emt 0:00:16] Weighted Error Value: White=1.15/Black=0.09 (flawless)} (24... Nh5 $142 25. Nd1 Bxd1 26. Rxd1 Qb6) 0-1

[Event "37th ECCC 2022"]
[Site "Mayrhofen"]
[Date "2022.10.03"]
[Round "1.28"]
[White "Vocaturo, Daniele"]
[Black "Bellon Lopez, Juan Manuel"]
[Result "1-0"]
[ECO "B22"]
[WhiteElo "2615"]
[BlackElo "2318"]
[Annotator "TA"]
[PlyCount "102"]
[EventDate "2022.10.03"]
[EventType "team-tourn"]
[EventCountry "AUT"]
[SourceTitle "playchess.com"]
[Source "ChessBase"]
[SourceQuality "1"]
[TimeControl "40/5400+30:1800+30"]

1. e4 c5 2. c3 d6 3. d4 Nd7 4. Nf3 e6 5. Bd3 Be7 6. O-O {[%emt 0:02:47] B22: Sicilian: 2 c3.} a6 7. a4 Qc7 8. Re1 {[%emt 0:04:29] White is slightly better.} b6 9. Nbd2 Bb7 {[%emt 0:01:30] [#]} (9... cxd4 $14 10. cxd4 (10. Nxd4 Bb7 $11) 10... Bb7) 10. Nf1 $146 ({Better is} 10. d5 $1 $16) ({Predecessor:} 10. b4 cxb4 11. cxb4 d5 12. Qb3 dxe4 13. Nxe4 Bd5 14. Qb1 Ngf6 15. Bg5 Qb7 16. Nfd2 {0-1 (51) Young,A (2042)-Stanojoski,Z (2470) Porto Carras 2011}) 10... c4 $14 11. Bc2 Rc8 (11... Ngf6 $14) 12. Ng3 g6 13. h3 h5 14. Bg5 h4 {[%emt 0:08:30] White must now prevent ...Bxg5.} 15. Nf1 e5 16. Qd2 exd4 (16... Rh5 $16) 17. Nxd4 ({Don't take} 17. Qxd4 Ne5 $16) 17... Bxg5 18. Qxg5 Qc5 (18... Ngf6 $16 {is a better defense.}) 19. Qd2 (19. Qf4 $18) 19... Ngf6 20. Rad1 Rd8 21. b4 (21. Nf3 $18) 21... cxb3 $16 22. Nxb3 {[%mdl 64] Discovered Attack} Qc7 23. Qxd6 Qxd6 24. Rxd6 Ke7 25. e5 Ne8 26. Rdd1 {[%emt 0:01:00] White is much more active. The black rooks are badly placed.} Nc7 27. Ne3 Ne6 28. Nc4 ({White should play} 28. c4 $16) 28... Rh5 {[%emt 0:01:51] [#]} (28... Rc8 $14 29. Nbd2 Rc7) 29. Nd4 $1 Rc8 30. Bb3 $36 {[%emt 0:00:15][%mdl 2048] Black is under strong pressure.} (30. Nd6 $18 {is more deadly.} Rxc3 31. Nxe6 (31. Nxb7 Nxd4 32. Rxd4 Rxc2 $11) 31... fxe6 32. Bxg6 (32. Nxb7 Rxc2 33. Re4 Rc7 $15)) 30... Rc7 (30... Rc5 $142) 31. Nd6 Ndc5 {[%emt 0:00:48] Threatens to win with ...Nxd4.} 32. Bxe6 {[%emt 0:01:26] Dancing on a razor blade.} Nxe6 33. Nxe6 Kxe6 (33... fxe6 34. Rd4 a5) 34. Ne8 $18 Rxc3 35. Ng7+ Ke7 {[%emt 0:00:09] aiming for ...Rg5.} 36. Nxh5 gxh5 {[%emt 0:00:04][%mdl 4096] Endgame KRR-KRB} 37. Rb1 {[%emt 0:03:29] Against b5} Rc6 38. Rb4 Rg6 39. Rxh4 Rxg2+ 40. Kf1 Rg5 41. Re3 Bc6 42. Rc4 Bd5 43. Rd4 Be6 44. h4 Rg6 45. Rg3 Rxg3 $2 (45... Rh6 46. f4 b5) 46. fxg3 {[%emt 0:00:00] KR-KB. White is clearly winning.} b5 47. a5 Bc4+ 48. Ke1 Ke6 49. Rd6+ Kxe5 50. Rxa6 Kd4 51. Kd2 Kd5 {Weighted Error Value: White=0.20 (precise) /Black=0.39} 1-0

[Event "37th ECCC 2022"]
[Site "Mayrhofen"]
[Date "2022.10.03"]
[Round "1.29"]
[White "Reizniece-Ozola, Dana"]
[Black "Tregubov, Pavel V."]
[Result "1/2-1/2"]
[ECO "A20"]
[WhiteElo "2279"]
[BlackElo "2548"]
[Annotator "TA"]
[PlyCount "69"]
[EventDate "2022.10.03"]
[EventType "team-tourn"]
[EventCountry "AUT"]
[SourceTitle "playchess.com"]
[Source "ChessBase"]
[SourceQuality "1"]
[TimeControl "40/5400+30:1800+30"]

1. c4 e5 2. g3 Nf6 3. Bg2 Bc5 4. Nc3 Nc6 5. Nf3 d6 6. d3 h6 7. a3 a6 8. b4 Ba7 9. Bb2 O-O 10. O-O Nd4 {[%emt 0:00:57] A29: English Opening: Four Knights Variation with 4 g3.} 11. e3 Nxf3+ 12. Bxf3 c6 {[%emt 0:00:16] The position is equal.} 13. d4 {[%emt 0:02:03] [#]} Bh3 $146 ({Predecessor:} 13... exd4 14. exd4 d5 15. c5 Bf5 16. a4 b6 17. Re1 a5 18. b5 bxc5 19. bxc6 cxd4 {½-½ (76) Hansen,M (2408)-Seegert,K (2234) Denmark 2020}) 14. Re1 exd4 15. exd4 Qd7 16. Qd2 Qf5 17. Bh1 Rae8 {[%emt 0:00:15] Inhibits Ne4.} 18. c5 dxc5 19. dxc5 Bb8 20. Re2 Be5 21. Rae1 Rd8 22. Qc1 Rfe8 23. Ne4 Re6 {[%emt 0:05:48] [#] And now ...Bxb2 would win.} 24. Bxe5 Qxe5 25. Nd6 ({White should play} 25. Bg2 $11 Bg4 26. Nxf6+ Qxf6 27. Rxe6 Bxe6 28. h4) 25... Qxe2 $15 26. Rxe2 Rxe2 27. Bf3 Re7 28. Bg2 Bxg2 29. Kxg2 Ne8 30. Nc4 Rd5 31. Qf4 Nf6 32. Ne3 (32. Nd6 $11) 32... Rdd7 ({Black should try} 32... Rd8 $1 $15) 33. h4 (33. Nf5 $11) 33... Re4 $17 34. Qb8+ Re8 35. Qf4 {Weighted Error Value: White=0.19 (very precise) /Black=0.09 (flawless)} 1/2-1/2

[Event "37th ECCC 2022"]
[Site "Mayrhofen"]
[Date "2022.10.03"]
[Round "1.30"]
[White "Delorme, Axel"]
[Black "Wenzel, Birger"]
[Result "1-0"]
[ECO "B12"]
[WhiteElo "2469"]
[BlackElo "1953"]
[Annotator "TA"]
[PlyCount "89"]
[EventDate "2022.10.03"]
[EventType "team-tourn"]
[EventCountry "AUT"]
[SourceTitle "playchess.com"]
[Source "ChessBase"]
[SourceQuality "1"]
[TimeControl "40/5400+30:1800+30"]

1. e4 c6 2. d4 d5 3. e5 Bf5 4. Nd2 e6 5. Nb3 c5 6. dxc5 {[%emt 0:01:37] B12: Caro-Kann: Advance Variation.} Bxc5 7. Nxc5 Qa5+ 8. c3 {[%emt 0:00:42] White has an edge.} Qxc5 9. Be3 Qc7 10. f4 Ne7 11. Be2 Nd7 12. Nf3 a6 13. O-O O-O {[%emt 0:00:32] [#]} 14. Rc1 $146 ({Predecessor:} 14. a4 Nc5 15. Nd4 Be4 16. b4 Nd7 17. Qe1 Nf5 18. Nxf5 Bxf5 19. a5 Rac8 20. Bd4 {½-½ (33) Hjartarson,J (2509)-Girya,O (2476) Chess.com INT 2019}) 14... Rac8 15. c4 Qd8 16. c5 Bg4 17. b4 {[%emt 0:01:43] White is more active.} Nf5 {[%emt 0:01:49] White leaves nothing to chance now.} 18. Bf2 f6 19. exf6 Nxf6 20. h3 Bxf3 21. Bxf3 Qd7 22. Re1 Kh8 (22... Ne7 $16 {keeps fighting.}) 23. Qe2 $18 Rce8 24. a3 ({Much less strong is} 24. g4 Ne7 $14) 24... g6 (24... Qc7 $16 {was necessary.}) 25. g4 Ng7 26. Bd4 Rf7 (26... Rc8 $142 27. Rc2 Kg8) 27. c6 bxc6 28. Qxa6 Ng8 29. Qxc6 Qxc6 30. Rxc6 Rxf4 31. Bxg7+ Kxg7 32. Bxd5 e5 33. g5 Rd4 34. Rc7+ Re7 35. Rxe7+ ({Don't take} 35. Rc5 h6 36. gxh6+ Nxh6) 35... Nxe7 {[%emt 0:00:11][%mdl 4096] Endgame KRB-KRN} 36. Bg2 Nf5 37. Rxe5 {[%emt 0:00:31] Hoping for b5.} Rd1+ 38. Kf2 Ra1 39. b5 {[%emt 0:08:53][%cal Bb4b5,Bb5b6,Bb6b7][%mdl 32] [#] b6 is the strong threat.} Rxa3 $2 (39... Ra2+ 40. Re2 Rxe2+ 41. Kxe2 Nd4+ 42. Kd3 Nxb5) 40. b6 {[%emt 0:00:38] White is clearly winning.} Rb3 41. b7 Kf8 42. Ra5 Rb2+ 43. Kg1 Rb1+ 44. Kh2 Ke7 45. Ra8 {[%emt 0:00:11] Weighted Error Value: White=0.09 (flawless) /Black=0.32} 1-0

[Event "37th ECCC 2022"]
[Site "Mayrhofen"]
[Date "2022.10.03"]
[Round "1.31"]
[White "Kuzubov, Yuriy"]
[Black "Maiwald, Jens-Uwe"]
[Result "1-0"]
[ECO "E91"]
[WhiteElo "2612"]
[BlackElo "2441"]
[Annotator "TA"]
[PlyCount "79"]
[EventDate "2022.10.03"]
[EventType "team-tourn"]
[EventCountry "AUT"]
[SourceTitle "playchess.com"]
[Source "ChessBase"]
[SourceQuality "1"]
[TimeControl "40/5400+30:1800+30"]

1. d4 Nf6 2. c4 d6 3. Nf3 g6 4. Nc3 Bg7 5. e4 O-O 6. Be2 Na6 7. O-O c6 8. Re1 e5 9. d5 Nc5 10. Bf1 a5 11. Nd2 {[%emt 0:04:55] E96: King's Indian: Classical: 7...Nbd7 8 Re1 c6 9 Bf1 a5.} a4 12. Rb1 {[%emt 0:01:26] [#]} Bd7 $146 ({Predecessor:} 12... Nh5 13. b4 axb3 14. Nxb3 Nxb3 {½-½ (14) Bilek,I (2405)-Ribli,Z (2590) Hungary 1997}) 13. b4 {[%emt 0:31:43] The position is equal.} axb3 $1 14. Nxb3 Na6 15. f3 c5 (15... cxd5 $14 {is superior.} 16. exd5 Re8) 16. Bg5 $16 h6 17. Bh4 Nb4 18. Rb2 Qc7 19. Nc1 Nh5 20. Rb3 f5 21. a3 Na6 (21... g5 $2 22. Bf2 (22. axb4 cxb4 23. Bf2 bxc3 $11) 22... Na6 23. exf5 $18) 22. Nb5 Bxb5 23. Rxb5 Nb8 24. Qb3 Ra7 25. Na2 (25. exf5 $16 gxf5 26. Bd3) 25... Nd7 (25... fxe4 $14 26. Rxe4 Nc6) 26. Nc3 Bf6 27. Bf2 Bg5 28. Qb2 b6 29. Rb3 {[%emt 0:00:36] Black must now prevent Nb5.} Ra6 30. Nb5 Qb8 31. g3 Ng7 32. Bh3 {[%emt 0:01:15] White is more active.} Nf6 (32... Kh7 $16 33. f4 Be7) 33. Qe2 (33. exf5 $18 {is more deadly.} gxf5 34. Bf1) 33... fxe4 34. fxe4 h5 (34... Qd8 $142) 35. Rf1 {[%emt 0:01:13] And now Rf3 would win.} Qd8 (35... Nh7 $16 36. Bd7 Rf7) 36. Rf3 $18 Nh7 37. Rxf8+ Nxf8 38. Be3 {[%emt 0:04:10] [#] Strongly threatening Bxg5.} Nh7 39. Be6+ Kh8 $2 (39... Nxe6 {keeps fighting.} 40. dxe6 Qe7) 40. Bf7 {[%emt 0:00:52] Weighted Error Value: White=0.12 (very precise) /Black=0.31} 1-0

[Event "37th ECCC 2022"]
[Site "Mayrhofen"]
[Date "2022.10.03"]
[Round "1.32"]
[White "Hausner, Ivan"]
[Black "Fedorchuk, Sergey A."]
[Result "0-1"]
[ECO "A40"]
[WhiteElo "2266"]
[BlackElo "2619"]
[Annotator "TA"]
[PlyCount "158"]
[EventDate "2022.10.03"]
[EventType "team-tourn"]
[EventCountry "AUT"]
[SourceTitle "playchess.com"]
[Source "ChessBase"]
[SourceQuality "1"]
[TimeControl "40/5400+30:1800+30"]

1. d4 Nf6 2. c4 e6 3. g3 d5 4. Nf3 Bb4+ 5. Bd2 Be7 6. Bg2 O-O 7. O-O c6 8. Qc2 Nbd7 {[%emt 0:00:13] now supersedes 8...b6.} 9. Bf4 a5 10. b3 {[%emt 0:03:48] E08: Closed Catalan: Main Line: 7 Qc2.} Nh5 $5 {[%emt 0:04:15][%mdl 4] Leaves trodden paths.} 11. Bd2 {[%emt 0:00:25] [#]} f5 $146 {[%emt 0:07:34] Inhibits e4.} ({Predecessor:} 11... Nhf6 12. Nc3 b6 13. e4 Ba6 14. Ne5 Nxe5 15. dxe5 Nd7 16. exd5 cxd5 17. Rfe1 dxc4 18. Bxa8 cxb3 {½-½ (53) Jaworski,M (2345)-Galliamova,A (2445) Katowice 1993}) 12. Nc3 {[%emt 0:00:23] White has an edge.} Bd6 13. Rad1 Qe8 14. e3 Nhf6 15. Ne1 (15. c5 $14 Bc7 16. Rfe1) 15... Qh5 ({Black should play} 15... b6 $1 $11) 16. f4 Ne4 17. Nd3 Nxd2 18. Qxd2 Kh8 19. c5 Bc7 20. a3 b6 21. cxb6 Nxb6 22. Nc5 Bd6 23. Bf3 (23. Rb1 {keeps more tension.} Ba6 24. Rfc1 Bxc5 25. dxc5 Nd7 26. b4) 23... Qf7 24. Be2 Bxc5 25. dxc5 Nd7 26. b4 Ba6 27. Qd4 Bxe2 28. Nxe2 Nf6 29. Rb1 axb4 (29... Qh5 $5 30. Qb2 Ng4 $11) 30. axb4 Qh5 31. Qd2 Ra3 32. Nd4 Ne4 33. Qd1 (33. Qb2 Rxe3 34. Qg2 Rd3 $17) 33... Qh3 34. Rb2 {[%emt 0:07:05] Against Ra2} Rxe3 35. Rf3 Qh5 36. Qf1 Rxf3 37. Qxf3 Qe8 38. Ra2 h6 39. Qe3 e5 40. fxe5 Qxe5 {[%emt 0:00:18] aiming for ...f4.} 41. Nxc6 Qc7 42. Nd4 f4 43. gxf4 Rxf4 44. Ne6 Rg4+ 45. Rg2 $1 Rxg2+ 46. Kxg2 $11 {[%emt 0:00:00][%mdl 4096] Endgame KQN-KQN} Qd7 47. Nf4 Qg4+ 48. Kf1 Qf5 49. Kg2 d4 50. Qf3 Ng5 51. Qf2 (51. Qg3 $11) 51... Qe4+ $2 (51... d3 $1 $19 {Hoping for ...Qg4+.} 52. Qe3 d2 53. Qxd2 Qe4+ 54. Kf2 Qf3+ 55. Ke1 (55. Kg1 Qxf4 56. Qxf4 Nh3+ 57. Kf1 Nxf4 $19) 55... Ne4 56. Qd8+ (56. Ng6+ $2 Kh7 $19) 56... Kh7) 52. Kg3 d3 53. h4 $1 Nf7 54. Ng2 (54. b5 Ne5 55. c6 d2 56. Qxd2 Qf3+ 57. Kh2 Ng4+ 58. Kg1 Qg3+ 59. Qg2 (59. Kf1 $2 Nh2+ 60. Qxh2 Qxh2 $19) 59... Qxf4 $17) 54... Ne5 (54... d2 55. Qxd2 Ne5 56. Qf4 Qg6+ 57. Kh2 $14) 55. Ne3 {[%emt 0:00:41] Prevents Qg4+.} (55. Qf8+ $11 Kh7 56. Qf4) 55... Ng6 $19 ({Don't play} 55... Qxb4 56. Qf8+ Kh7 57. Qf5+ Kh8 58. Qc8+ Kh7 59. Qf5+ Kh8 60. Qxe5 $18) 56. h5 Qh4+ 57. Kf3 {[%emt 0:00:11] Strongly threatening Qxh4.} Qf6+ ({And not} 57... Qxh5+ 58. Ke4 $11) 58. Kg2 {[%emt 0:03:23] Qxf6 is the strong threat.} Nf4+ 59. Kh2 $2 (59. Kh1) 59... Qe5 60. c6 Qxh5+ (60... Nd5+ $142 61. Qg3 Qxh5+ 62. Qh3 (62. Kg1 $2 d2 $19) 62... Qe2+ 63. Ng2 Qe4) 61. Kg3 {[%emt 0:00:30] Black must now prevent c7.} Ne2+ 62. Kg2 Qg6+ 63. Kf1 {[%emt 0:00:17] And now c7 would win.} Qxc6 (63... Ng3+ $1 $19 {is more deadly.} 64. Ke1 Qd6) 64. Qf8+ $17 Kh7 65. Qf5+ Kh8 66. Qf8+ Kh7 67. Qf5+ {[%emt 0:00:02] [#]} Kg8 (67... Qg6 $1 $17 {( -> ...Ng3+)} 68. Qxg6+ Kxg6) 68. Qxd3 $15 Ng3+ (68... Nc3 $15 {is superior.} 69. Ke1 h5) 69. Ke1 $11 Qh1+ 70. Kd2 Ne4+ 71. Kc2 Qh2+ 72. Kb3 Qf4 73. Qd4 Qf7+ (73... h5 $5 74. Kc2 Qf2+ 75. Kd3 Ng3 $15) 74. Kc2 Qg6 75. b5 Nd6+ 76. Kd2 Qe6 77. b6 h5 78. Qb4 Qd7 79. Qd4 $2 {[%emt 0:00:15][%mdl 8192] [#]} (79. Ke2 $11 {and White is okay.}) 79... Nc4+ $1 {[%emt 0:00:25][%mdl 512] Weighted Error Value: White=0.32/Black=0.17 (very precise)} 0-1